 Dungeon Crawl Stone Soup version 0.27.1 (webtiles) character file.

Game seed: 15156436707091158048

54 nxtlvl the Skirmisher (level 3, 0/39 HPs)
             Began as an Ogre Delver on Aug 30, 2021.
             Slain by an orc wizard (3 damage)
             ... on level 6 of the Dungeon.
             The game lasted 00:01:56 (150 turns).

nxtlvl the Skirmisher (Ogre Delver)                  Turns: 150, Time: 00:01:57

Health: 0/39       AC:  3    Str: 17    XL:     3   Next: 91%
Magic:  3/3        EV:  9    Int: 11    God:
Gold:   0          SH:  0    Dex: 10    Spells: 2/2 levels left

rFire    . . .     SeeInvis .   a - +0 mace
rCold    . . .     Faith    .   (no shield)
rNeg     . . .     Spirit   .   b - +0 robe
rPois    .         Reflect  .   (helmet restricted)
rElec    .         Harm     .   (no cloak)
rCorr    .         Rampage  .   (gloves unavailable)
Will     .....                  (boots unavailable)
Stlth    ++........             (no amulet)
HPRegen  0.13/turn              (no ring)
MPRegen  0.08/turn              (no ring)

@: attractive, hasted, very quick
A: large, unfitting armour, tough skin 1
a: no special abilities


You were on level 6 of the Dungeon.
You visited 2 branches of the dungeon, and saw 3 of its levels.

Inventory:

Hand Weapons
 a - a +0 mace (weapon)
Armour
 b - a +0 robe (worn)
Wands
 g - a wand of digging (3)
Scrolls
 c - 2 scrolls of fog
 e - a scroll of fear


   Skills:
 - Level 4.0 Fighting
 * Level 3.7 Maces & Flails
 - Level 1.7 Dodging
 - Level 3.7 Stealth


You had 2 spell levels left.
You didn't know any spells.
Your spell library was empty.

Dungeon Overview and Level Annotations

Branches:
Dungeon (6/15)             Temple (1/1) D:6

Altars:
Dithmenos
Elyvilon
Fedhas
Gozag
Makhleb
Nemelex Xobeh
Qazlal
Sif Muna
Uskayaw
Vehumet
Xom
Yredelemnul


Innate Abilities, Weirdness & Mutations

You are too large for most types of armour.
You have tough skin. (AC +1)


Message History

You have reached level 2!
You have reached level 3!
Your experience leads to an increase in your attributes!
Increase (S)trength, (I)ntelligence, or (D)exterity?
You feel stronger. x2
You sock the orc priest!
The orc priest is heavily wounded.
The orc priest mumbles some strange prayers to Beogh against you.
Pain shoots through your body!
You closely miss the orc priest.
The orc priest is heavily wounded.
You hit the orc priest.
The orc priest is severely wounded.
The orc priest hits you with a +0 flail.
An orc wizard comes into view. It is wielding a +0 dagger.
You barely miss the orc priest.
The orc priest is severely wounded.
The orc priest hits you with a +0 flail!
You closely miss the orc priest.
The orc priest is severely wounded.
The orc priest hits you with a +0 flail.
You barely miss the orc priest.
The orc priest is severely wounded.
The orc wizard shouts!
You hear a shout!
The orc priest invokes the aid of Beogh against you.
Beogh smites you!
* * * LOW HITPOINT WARNING * * *
You closely miss the orc priest.
The orc priest is severely wounded.
It was a potion of attraction.
You feel attractive to monsters. The orc priest barely misses you.
You hit the orc priest.
You kill the orc priest!
The orc wizard is pulled toward you!
You closely miss the orc wizard.
The orc wizard hits you but does no damage.
You closely miss the orc wizard.
The orc wizard hits you with a +0 dagger.
You die...

,,* *,* ,,*
*,*******
***
*,,,,,,,*
******,**
**** *,*
,,,*
########*,*
,,,*
#......#*,*
,,,*
#.####.#*,*
,,,* #.#
#@#*,* ,,,*
#.# #o#*,*
..,* #.#
#.#*,** .#**
#.# #..,,,*
.#
#.######****
.#
#.#..,,,,,*
.#
#.#.#****,*
.#
#.#.#####.#*
.#
#..........*


You could see an orc wizard.

Vanquished Creatures
  An orc priest (D:6)
  An orc wizard (D:6)
2 creatures vanquished.

Notes
Turn   | Place    | Note
-------+----------+-------------------------------------------
     0 | D:5      | nxtlvl the Ogre Delver began the quest for the Orb.
     0 | D:5      | Reached XP level 1. HP: 24/24 MP: 1/1
    15 | D:6      | Found a staircase to the Ecumenical Temple.
    26 | Temple   | Entered the Ecumenical Temple
   125 | D:6      | Noticed an orc wizard
   127 | D:6      | Noticed an orc priest
   139 | D:6      | Killed an orc wizard
   140 | D:6      | Reached XP level 2. HP: 31/32 MP: 2/2
   140 | D:6      | Reached XP level 3. HP: 38/39 MP: 3/3
   150 | D:6      | Slain by an orc wizard

Illustrated notes

Levels and vault maps discovered:
D:5:      layout_basic, mainiacjoe_overflow_24_doors,
          minmay_shop_enchanted_jewellery
D:6:      layout_basic, nicolae_wu_jian_immortal_techniques,
          minmay_temple_entry_mist, portal_sewer_entry_a,
          corexii_item_surrounded_by_moat, uniq_menkaure, uniq_duvessa,
          uniq_sigmund, uniq_eustachio
Temple:   nicolae_temple_x_marks_the_god

Skill      XL: |  1 |
---------------+----+-----
Maces & Flails | 3 |  3.7
Fighting       | |  4.0
Dodging        | |  1.7
Stealth        | |  3.7

Action                   || total
-------------------------++-------
Melee: Mace              ||    21
  Use: Potion            ||     2
       Scroll            ||     1
Armor: Robe              ||     5
Dodge: Dodged            ||     3
